 Dungeon Crawl Stone Soup version 0.26-a0-651-gb41185065b (webtiles) character file.

Game seed: 2514307611829541040

21 nacho the Chopper (level 2, 0/27 HPs)
             Began as a Hill Orc Berserker on Oct 28, 2020.
             Was a Follower of Trog.
             Slain by a jackal (1 damage)
             ... on level 2 of the Dungeon.
             The game lasted 00:12:08 (906 turns).

nacho the Chopper (Hill Orc Berserker)               Turns: 906, Time: 00:12:09

Health: 0/27       AC:  2    Str: 19    XL:     2   Next: 87%
Magic:  2/2        EV: 12    Int:  7    God:    Trog [*.....]
Gold:   21         SH:  0    Dex: 10    Spells: 1/1 levels left

rFire    x . .     SeeInvis .   d - +0 spear
rCold    + . .     Faith    .   (no shield)
rNeg     . . .     Spirit   .   b - +0 animal skin
rPois    .         Reflect  .   (no helmet)
rElec    .         Harm     .   (no cloak)
rCorr    .         Rampage  .   (no gloves)
MR       .....                  (no boots)
Stlth    +.........             (no amulet)
HPRegen  0.09/turn              c - ring of ice
MPRegen  0.08/turn              (no ring)

@: no status effects
A: no striking features
a: Berserk, Renounce Religion


You were on level 2 of the Dungeon.
You worshipped Trog.
Trog was aware of your devotion.
You visited 1 branch of the dungeon, and saw 2 of its levels.

You collected 21 gold pieces.

Inventory:

Hand Weapons
 a - a +0 hand axe
 d - a +0 spear (weapon)
 e - a +0 dagger
Armour
 b - a +0 animal skin (worn)
Jewellery
 c - a ring of ice (left hand)


   Skills:
 + Level 4.1 Fighting
 + Level 4.5 Axes
 + Level 2.4 Armour
 + Level 1.8 Dodging


You had one spell level left.
You didn't know any spells.
Your spell library was empty.

Dungeon Overview and Level Annotations

Branches:
Dungeon (1/15)

Altars:
Ashenzari


Message History

* * * LOW HITPOINT WARNING * * *
You hit the rat.
The rat is moderately wounded.
The jackal barely misses you. x3; The kobold closely misses you.
The rat bites you but does no damage.
You hit the rat.
You kill the rat!
Trog accepts your kill. The jackal bites you.
* * * LOW HITPOINT WARNING * * *
The jackal bites you.
* * * LOW HITPOINT WARNING * * *
The kobold barely misses you. The jackal misses you.
The jackal closely misses you.
You closely miss the jackal.
The jackal bites you but does no damage.
The jackal barely misses you. The jackal closely misses you.
You hit the jackal but do no damage. The jackal barely misses you. x2
The jackal bites you.
You die...

### ###
#⌠.##+##.⌠#
#.........#
#........#
#.......#
+..._...+
#$.†hh..#
#...K@..#
#.............
#⌠..#+.#.⌠#..#
...## ..#(##
## .... ..#..
... ....... ..
..## ... ...
##.


You could see 2 jackals and a kobold.

Vanquished Creatures
  A dart slug (D:1)
  A ball python (D:2)
  2 goblins (D:1)
  A hobgoblin (D:1)
  A jackal (D:2)
  5 kobolds (D:1)
  2 bats (D:1)
  A frilled lizard (D:1)
  5 rats
19 creatures vanquished.

Notes
Turn   | Place    | Note
-------+----------+-------------------------------------------
     0 | D:1      | nacho the Hill Orc Berserker began the quest for the Orb.
     0 | D:1      | Reached XP level 1. HP: 19/19 MP: 1/1
   156 | D:1      | Reached XP level 2. HP: 23/27 MP: 2/2
   889 | D:1      | You fall into a shaft and drop 1 floor!
   889 | D:2      | Found a broken altar of Ashenzari.
   903 | D:2      | HP: 1/27 [jackal (1)]
   906 | D:2      | Slain by a jackal

Illustrated notes

Levels and vault maps discovered:
D:1:      dpeg_arrival_stonehenge_12_columns, layout_basic
D:2:      layout_rooms, evilmike_ruin_ashenzari

Skill      XL: |  1  2 |
---------------+-------+-----
Fighting       | 4 |  4.1
Axes           | |  4.5
Armour         | |  2.4
Dodging        | |  1.8

Action                   || total
-------------------------++-------
Melee: Hand axe          ||    40
       Spear             ||    18
Invok: Berserk           ||     3
Armor: Animal skin       ||    17
Dodge: Dodged            ||    74

Table legend: (Time is in decaauts)
 A = Elapsed time spent in this place.
 B = Non-inter-level travel time spent in this place.
 C = Inter-level travel time spent in this place.
 D = Time resting spent in this place.
 E = Time spent auto-exploring this place.
 F = Levels seen in this place.
 G = Mean time per level.
                   A        B        C        D        E       F      G
               +--------+--------+--------+--------+--------+-----+--------+
         Total |    935 |    742 |    193 |    200 |     79 |   2 |  467.5 |
       Dungeon |    935 |    742 |    193 |    200 |     79 |   2 |  467.5 |
               +--------+--------+--------+--------+--------+-----+--------+

Top non-repeatable levels by time:
     D:1: 918 daAuts
     D:2: 16 daAuts
